 Dungeon Crawl Stone Soup version 0.29-a0-468-ge57f7f99b4 (webtiles) character file.

Game seed: 16793511581410580183

951 holysushi the Cutter (level 8, 0/52 HPs)
             Began as an Octopode Monk on May 21, 2022.
             Killed from afar by an orc wizard (7 damage)
             ... with a magic dart
             ... on level 6 of the Dungeon.
             The game lasted 00:07:06 (6301 turns).

holysushi the Cutter (Octopode Monk)                Turns: 6301, Time: 00:07:07

Health: 0/52       AC:  1    Str: 10    XL:     8   Next: 13%
Magic:  8/8        EV: 16    Int: 12    God:
Gold:   273        SH:  0    Dex: 17    Spells: 7/7 levels left

rFire   . . .      SeeInvis .   a - +0 short sword
rCold   . . .      Faith    .   (no shield)
rNeg    . . .      Spirit   .   (helmet restricted)
rPois   +          Reflect  .   (no amulet)
rElec   .          Harm     .   l - ring of poison resistance
rCorr   .          Rampage  .   (no ring)
Will    .....                   (no ring)
Stlth   ++++......              (no ring)
HPRegen 0.17/turn               (no ring)
MPRegen 0.11/turn               (no ring)
                                (no ring)
                                (no ring)

@: about to teleport
A: almost no armour, amphibious, 8 rings, camouflage 1, gelatinous body 1,
(nimble swimmer 1), tentacles
a: no special abilities


You were on level 6 of the Dungeon.
You visited 1 branch of the dungeon, and saw 6 of its levels.

You collected 273 gold pieces.

Inventory:

Hand Weapons
 a - a +0 short sword (weapon)
Jewellery
 l - a ring of poison resistance (left tentacle)
 p - a ring of ice
Scrolls
 c - 2 scrolls of teleportation
 g - a scroll of blinking
 i - a scroll of enchant armour {unknown}
 m - a scroll of fear {unknown}
 n - a scroll of vulnerability {unknown}
 o - 2 scrolls of amnesia {unknown}
 q - a scroll of magic mapping {unknown}
Potions
 b - a potion of ambrosia
 d - a potion of resistance
 e - a potion of curing
 f - 3 potions of flight
 h - 2 potions of mutation
 j - 2 potions of haste
 k - 2 potions of cancellation {unknown}


   Skills:
 - Level 3.0 Fighting
 + Level 7.6 Short Blades
 * Level 5.8 Dodging
 + Level 5.0 Stealth


You had 7 spell levels left.
You didn't know any spells.
Your spell library contained the following spells:

 Spells                   Type           Power      Damage    Failure   Level
 Apportation              Tloc           0%         N/A       32%         1
 Necrotize                Necr           0%         1d4       32%         1
 Summon Small Mammal      Summ           0%         N/A       32%         1


Dungeon Overview and Level Annotations

Branches:
Dungeon (6/15)
 Temple: D:4-7

Altars:
Elyvilon
Makhleb
Sif Muna

Shops:
D:3 (   D:4 (

Annotations:
D:2 Sigmund


Innate Abilities, Weirdness & Mutations

You cannot wear most types of armour.
You are amphibious.
You can wear up to eight rings at the same time.
Your skin changes colour to match your surroundings (Stealth+).
Your rubbery body absorbs attacks. (AC +1, EV +1)
((You are camouflaged when in or above water. (Stealth+)))
You have tentacles for arms and can constrict up to eight enemies at once.


Message History

Something hits you.
The orc wizard gestures at you while chanting.
The magic dart hits you!
Unknown command.
You hit the orc priest. You grab the orc priest. You squeeze the orc priest.
The orc priest is heavily wounded.
You constrict the orc priest.
The orc priest miscasts a cantrip.
Something hits you.
The orc wizard hits you with a +0 dagger.
Unknown command.
You release your grip on the orc priest.
Something hits you.
You hear some strange, mumbled words.
Something tries to affect you, but you resist.
Unknown command.
You barely miss the orc priest. Your grab misses the orc priest.
Your squeeze misses the orc priest.
The orc priest is heavily wounded.
You barely miss the orc priest. You grab the orc priest.
You squeeze the orc priest!
You kill the orc priest!
You hit something. Something hits you.
* * * LOW HITPOINT WARNING * * *
Okay, then.
As you read the scroll of teleportation, it crumbles to dust.
You feel strangely unstable. Something hits you.
* * * LOW HITPOINT WARNING * * *
Unknown command.
You miss something.
Unknown command.
You completely miss something. You squeeze something! Something hits you.
* * * LOW HITPOINT WARNING * * *
Unknown command.
You hit something. Your squeeze misses something. Something hits you.
* * * LOW HITPOINT WARNING * * *
Unknown command.
A magic dart appears from out of thin air!
The magic dart hits you!
You die...

######.......#
##..........
.....'...[...#
#...########
.#####......## ##.##
.# ######## #.# .#
#.# .# # #.# <# #..
+#.#+ .#
#....#####...#####..#
.#
#......@.{o⌠........#
.#
+....#####...#####..#
.# #.. #..{)#.#'...##
.# # #.8..o#.#...8.#
.. #.._..#.#.._..# ..
#.8.8.#.#.8.8.#
##...##.##...## ####
...##### ..#


You could see an orc wizard.

Vanquished Creatures
  An ogre (D:6)
  A phantom (D:5)
  2 scorpions
  A howler monkey (D:5)
  5 hounds
  2 orc priests
  2 jellies
  2 orc wizards (D:5)
  A gnoll shaman (D:4)
  2 iguanas (D:5)
  6 adders
  8 gnolls
  3 worms
  3 dart slugs (D:2)
  13 orcs
  6 ball pythons
  3 bats
  11 endoplasms
  A giant cockroach (D:2)
  2 goblins
  8 hobgoblins
  12 jackals
  5 kobolds
  3 quokkas
  4 frilled lizards
  3 rats
110 creatures vanquished.

Notes
Turn   | Place    | Note
-------+----------+-------------------------------------------
     0 | D:1      | holysushi the Octopode Monk began the quest for the Orb.
     0 | D:1      | Reached XP level 1. HP: 16/16 MP: 1/1
   176 | D:1      | Reached XP level 2. HP: 21/21 MP: 2/2
   774 | D:2      | Reached skill level 4 in Short Blades
   881 | D:2      | Reached XP level 3. HP: 26/26 MP: 3/3
  1080 | D:2      | Reached XP level 4. HP: 31/31 MP: 4/4
  1165 | D:2      | Found a faded altar of an unknown god.
  1267 | D:2      | Noticed Sigmund
  1534 | D:3      | Reached skill level 5 in Short Blades
  1681 | D:3      | Found Zebi's Antique Weapon Boutique.
  1981 | D:3      | Found a shimmering blue altar of Sif Muna.
  2563 | D:3      | Reached XP level 5. HP: 32/36 MP: 5/5
  3167 | D:4      | Reached skill level 6 in Short Blades
  3405 | D:4      | Reached XP level 6. HP: 30/42 MP: 6/6
  4204 | D:4      | Found Koevoe Teaq's Weapon Emporium.
  4329 | D:5      | Entered Level 5 of the Dungeon
  4681 | D:5      | Reached XP level 7. HP: 46/46 MP: 7/7
  4905 | D:4      | HP: 1/46 [hound (2)]
  5090 | D:5      | Reached skill level 7 in Short Blades
  5110 | D:5      | Reached skill level 5 in Stealth
  5941 | D:5      | Reached skill level 5 in Dodging
  6073 | D:6      | Reached XP level 8. HP: 25/52 MP: 8/8
  6271 | D:6      | Found a burning altar of Makhleb.
  6281 | D:6      | Found a white marble altar of Elyvilon.
  6301 | D:6      | Killed from afar by an orc wizard

Illustrated notes

Levels and vault maps discovered:
D:1:      heliophobic_arrival_dark_side_of_the_moon, layout_basic
D:2:      cheibrodos_helix_gallery, layout_basic, basic_ecumenical_altar,
          uniq_sigmund
D:3:      layout_basic, mainiacjoe_overflow_concentric_impassable, serial_shops,
          shop
D:4:      layout_loops_corners, serial_shops, nicolae_lakefront_shop,
          amcnicky_mini_corridor_feature
D:5:      layout_basic, grunt_decor_one_mirror, minmay_crossroads
D:6:      layout_basic, grunt_temple_overflow_cloverleaf, gammafunk_ghost_smash,
          uniq_menkaure

Skill      XL: |  1  2  3  4  5  6  7 |
---------------+----------------------+-----
Short Blades   | 4 5 6 7 |  7.6
Stealth        | 3 4 5 |  5.0
Dodging        | 5 |  5.8
Fighting       | |  3.0

Action                   |  1- 3 |  4- 6 |  7- 9 || total
-------------------------+-------+-------+-------++-------
Melee: Short sword       |    44 |   143 |    86 ||   273
       Constrict         |    15 |    34 |    12 ||    61
       Tentacles         |     8 |    33 |    12 ||    53
       Punch             |     1 |     1 |     2 ||     4
  Use: Scroll            |       |     7 |     2 ||     9
       Potion            |       |       |     2 ||     2
 Stab: Sleeping          |    10 |    15 |     5 ||    30
Armor: Skin              |     3 |     5 |     1 ||     9
Dodge: Dodged            |    24 |    71 |    42 ||   137

Table legend: (Time is in decaauts)
 A = Elapsed time spent in this place.
 B = Non-inter-level travel time spent in this place.
 C = Inter-level travel time spent in this place.
 D = Time resting spent in this place.
 E = Time spent auto-exploring this place.
 F = Levels seen in this place.
 G = Mean time per level.
                   A        B        C        D        E       F      G
               +--------+--------+--------+--------+--------+-----+--------+
         Total |   6247 |   5992 |    255 |   1755 |   3106 |   6 | 1041.2 |
       Dungeon |   6247 |   5992 |    255 |   1755 |   3106 |   6 | 1041.2 |
               +--------+--------+--------+--------+--------+-----+--------+

Top non-repeatable levels by time:
     D:4: 1648 daAuts
     D:3: 1483 daAuts
     D:5: 1399 daAuts
     D:1: 764 daAuts
     D:2: 703 daAuts
     D:6: 248 daAuts
